 Dungeon Crawl Stone Soup version 0.30.1 (webtiles) character file.

Game seed: 6389771971739611252

546 Voxie the Chopper (level 7, -17/44 HPs)
             Began as a Gargoyle Fighter on July 5, 2023.
             Killed by an exploding ball python (24 damage)
             ... ignited by their inner flame
             ... on level 4 of the Dungeon.
             The game lasted 00:03:38 (2094 turns).

Voxie the Chopper (Gargoyle Fighter)                Turns: 2094, Time: 00:03:38

Health: -17/44     AC: 16    Str: 22    XL:     7   Next: 28%
Magic:  7/7        EV: 10    Int:  8    God:
Gold:   122        SH:  4    Dex:  9    Spells: 6/6 levels left

rFire   . . .        a - +1 war axe
rCold   . . .        c - +0 buckler
rNeg    + . .        b - +0 scale mail
rPois   ∞            (no helmet)
rElec   +            p - +0 cloak
rCorr   .            f - +2 pair of gloves
SInv    .            (no boots)
Will    .....        (no amulet) Stlth
                     (no ring)
HPRegen 0.27/turn    (no ring)
MPRegen 0.10/turn

%: no passive effects
@: no status effects
A: sickness immunity, AC +4, negative energy resistance 1, electricity
resistance, torment resistance 1, petrification resistance
a: no special abilities


You were on level 4 of the Dungeon.
You visited 1 branch of the dungeon, and saw 4 of its levels.

You collected 122 gold pieces.


Innate Abilities, Weirdness & Mutations

You are immune to sickness and miasma.
Your stone body is resilient. (AC +4)
You are immune to poison.
You resist negative energy. (rN+)
You are resistant to electric shocks. (rElec)
You are resistant to unholy torment.
You are immune to petrification.


   Skills:
 + Level 4.5 Fighting
 + Level 4.9 Axes
 + Level 4.7 Armour
 + Level 1.4 Dodging
 + Level 1.0 Stealth
 + Level 4.1 Shields


You had 6 spell levels left.
You didn't know any spells.
Your spell library was empty.

Dungeon Overview and Level Annotations

Branches:
Dungeon (4/15)
 Temple: D:4-7

Altars:
Hepliaklqana

Shops:
D:1 (

Inventory:

Hand Weapons
 a - a +1 war axe (weapon)
Missiles
 i - 19 stones (quivered)
 k - 3 boomerangs of dispersal {!f}
Armour
 b - a +0 scale mail (worn)
 c - a +0 buckler (worn)
 f - a +2 pair of gloves (worn)
   (You found it on level 1 of the Dungeon)
 p - a +0 cloak (worn)
   (You found it on level 3 of the Dungeon)
Wands
 n - a wand of flame (7)
   (You found it on level 2 of the Dungeon)
Scrolls
 q - a scroll of amnesia
Potions
 d - 2 potions of might
 g - a potion of heal wounds {unknown}
 j - 3 potions of curing {@q1}
 l - 3 potions of resistance {unknown}
 r - 2 potions of berserk rage {unknown}
 t - 3 potions of lignification {!q}

#<......#
#.......#
#.......###
#.........#
#.......#.#
#########.##
#$.##
##§§####
##@§§§#
####§g.....
###..## ...
. #. .. O#
##.


You could see a gnoll.


Message History

You miss the adder.
The adder is moderately wounded.
The adder barely misses you. You block the adder's attack.
You slash the adder!
You kill the adder!
The ogre closely misses you.
You see here an adder corpse.
You slash the ogre!
The ogre is heavily wounded.
The ogre barely misses you. The gnoll hits you but does no damage.
You hit the ogre but do no damage.
The ogre is heavily wounded.
You block the gnoll's attack. You block the ogre's attack.
You slash the ogre!
The ogre is almost dead.
The gnoll barely misses you. The ogre hits you with a +0 giant club.
You hit the ogre.
You kill the ogre!
The gnoll misses you. The gnoll hits you but does no damage.
The gnoll misses you. The gnoll closely misses you.
The gnoll hits you with a +0 halberd. You block the gnoll's attack.
The gnoll completely misses you.
Things that are here:
a +0 giant club; an adder corpse You swap places.
Your endoplasm freezes the gnoll.
The gnoll is frozen.
The gnoll hits you but does no damage. You block the gnoll's attack.
You swap places.
Your endoplasm freezes the gnoll.
The gnoll is frozen.
The gnoll hits your endoplasm but does no damage.
The gnoll hits your endoplasm with a +0 halberd!
Your endoplasm dissolves into shadows!
Your endoplasm explodes!
The fiery explosion engulfs your goblin!!
Your goblin's corpse dissolves into shadows!
The fiery explosion engulfs the gnoll!!
You kill the gnoll!
The fiery explosion engulfs the gnoll!!
You kill the gnoll!
Your goblin explodes!
The fiery explosion engulfs your ball python!!!
Your ball python's corpse dissolves into shadows!
The fiery explosion engulfs you!!
Ouch! That really hurt!
* * * LOW HITPOINT WARNING * * *
Your ball python explodes!
The fiery explosion engulfs you!!
Ouch! That really hurt!
You die...

Levels and vault maps discovered:
D:1:      dpeg_arrival_tiny_a, layout_loops_ring, serial_shops, shop
D:2:      layout_basic, uniq_robin, uniq_sigmund, uniq_crazy_yiuf_cottage
D:3:      layout_basic, old_standard_altar, grunt_ministairs_1, uniq_grinder
D:4:      layout_rooms, mainiacjoe_overflow_small_starburst,
          cheibrodos_sewer_entry_sluice, enter_ossuary_1, uniq_ijyb

Vanquished Creatures
  Grinder (D:3)
  Sigmund (D:2)
  An ogre (D:4)
  3 adders
  3 gnolls
  A worm (D:3)
  3 dart slugs
  An orc (D:3)
  A ball python (D:2)
  4 bats
  4 endoplasms
  2 giant cockroaches
  5 goblins
  5 hobgoblins
  4 quokkas
  5 frilled lizards
  3 kobolds
  5 rats
52 creatures vanquished.

Table legend: (Time is in decaauts)
 A = Elapsed time spent in this place.
 B = Non-inter-level travel time spent in this place.
 C = Inter-level travel time spent in this place.
 D = Time resting spent in this place.
 E = Time spent auto-exploring this place.
 F = Levels seen in this place.
 G = Mean time per level.
                   A        B        C        D        E       F      G
               +--------+--------+--------+--------+--------+-----+--------+
         Total |   2159 |   2013 |    146 |      0 |   1498 |   4 |  539.8 |
       Dungeon |   2159 |   2013 |    146 |      0 |   1498 |   4 |  539.8 |
               +--------+--------+--------+--------+--------+-----+--------+

Top non-repeatable levels by time:
     D:3: 877 daAuts
     D:1: 703 daAuts
     D:2: 541 daAuts
     D:4: 37 daAuts

Table legend:
 A = Kills in this place as a percentage of kills in the entire game.
 B = Kills by you in this place as a percentage of kills by you in the entire game.
 C = Kills by friends in this place as a percentage of kills by friends in the entire game.
 D = Other kills in this place as a percentage of other kills in the entire game.
 E = Experience gained in this place as a percentage of experience gained in the entire game.
 F = Experience gained in this place divided by the number of levels of this place that you have seen.
                   A       B       C       D       E      F
               +-------+-------+-------+-------+-------+----------------------
         Total | 100.0 | 100.0 |   N/A |   N/A | 100.0 | 201.8
       Dungeon | 100.0 | 100.0 |   N/A |   N/A | 100.0 | 201.8
               +-------+-------+-------+-------+-------+----------------------

Notes
Turn   | Place    | Note
-------+----------+-------------------------------------------
     0 | D:1      | Voxie the Gargoyle Fighter began the quest for the Orb.
     0 | D:1      | Reached XP level 1. HP: 14/14 MP: 1/1
   269 | D:2      | Noticed Sigmund
   296 | D:1      | Reached XP level 2. HP: 18/19 MP: 2/2
   311 | D:1      | Reached skill level 2 in Axes
   323 | D:1      | Found Atihuf's Weapon Boutique.
   488 | D:1      | Reached XP level 3. HP: 22/23 MP: 3/3
   958 | D:2      | HP: 4/23 [something (5)]
   965 | D:2      | Killed Sigmund
   966 | D:2      | Reached skill level 4 in Fighting
   966 | D:2      | Reached skill level 3 in Axes
   966 | D:2      | Reached skill level 4 in Armour
   966 | D:2      | Reached skill level 1 in Dodging
   966 | D:2      | Reached XP level 4. HP: 8/29 MP: 4/4
   966 | D:2      | Reached XP level 5. HP: 9/33 MP: 5/5
  1172 | D:2      | Reached XP level 6. HP: 28/38 MP: 6/6
  1253 | D:3      | Noticed Grinder
  1275 | D:3      | Paralysed by Grinder for 4 turns
  1286 | D:3      | Killed Grinder
  1287 | D:3      | Reached skill level 4 in Axes
  1287 | D:3      | Reached skill level 1 in Stealth
  1287 | D:3      | Reached skill level 4 in Shields
  1324 | D:3      | Found a hazy altar of Hepliaklqana.
  1366 | D:3      | Reached XP level 7. HP: 44/44 MP: 7/7
  2094 | D:4      | HP: 7/44 [spore (32)]
  2094 | D:4      | Killed by an exploding ball python... ignited by their
                  | inner flame

Action                     |  1- 3 |  4- 6 |  7- 9 || total
---------------------------+-------+-------+-------++-------
  Melee: War axe           |    98 |    37 |    35 ||   170
    Use: Potion            |     4 |       |       ||     4
         Scroll            |       |       |     8 ||     8
 Armour: Scale mail        |    62 |    23 |    20 ||   105
  Dodge: Dodged            |    50 |    18 |    18 ||    86
  Block: Buckler           |    25 |     8 |    10 ||    43
